 Dungeon Crawl Stone Soup version 0.22-a0-274-gf8199ec (webtiles) character file.

14 tidbits the Insei (level 2, -4/23 HPs)
             Began as a Gnoll Transmuter on Mar 14, 2018.
             Slain by an adder (5 damage)
             ... on level 2 of the Dungeon.
             The game lasted 00:01:53 (147 turns).

tidbits the Insei (Gnoll Transmuter)                 Turns: 147, Time: 00:01:54

Health: -4/23      AC:  2    Str: 12    XL:     2   Next: 41%
Magic:  6/7        EV: 14    Int: 15    God:
Gold:   0          SH:  4    Dex: 15    Spells: 7/10 levels left

rFire    . . .     SeeInvis .     - Unarmed
rCold    . . .     Gourm    .   D - +0 buckler
rNeg     . . .     Faith    .   b - +0 robe
rPois    .         Spirit   .   (no helmet)
rElec    .         Reflect  .   (no cloak)
rCorr    .         Harm     .   (no gloves)
MR       .....                  (boots currently unavailable)
Stlth    ++........             (no amulet)
HPRegen  0.07/turn              (no ring)
MPRegen  0.10/turn              (no ring)

@: appendage, very slightly contaminated
A: distributed training, fangs 1, talons 3, strong nose
a: End Transformation


You were on level 2 of the Dungeon.
You were not hungry.
You had grown temporary talons.
You visited 1 branch of the dungeon, and saw 2 of its levels.

Inventory:

Hand Weapons
 f - a +0 dagger
 g - a +0 short sword
Missiles
 a - 21 arrows
 h - 5 stones (quivered)
Armour
 b - a +0 robe (worn)
 D - a +0 buckler (worn)
Scrolls
 c - a scroll of magic mapping {unknown}
 e - a scroll of identify {unknown}
Potions
 i - a potion of curing {unknown}
Comestibles
 d - a ration


   Skills:
 + Level 2.5 Fighting
 + Level 0.4 Short Blades
 + Level 0.4 Long Blades
 + Level 0.4 Axes
 + Level 0.4 Maces & Flails
 + Level 0.4 Polearms
 + Level 0.4 Staves
 + Level 0.4 Slings
 + Level 0.4 Bows
 + Level 0.4 Crossbows
 + Level 0.4 Throwing
 + Level 0.4 Armour
 + Level 4.5 Dodging
 + Level 0.4 Stealth
 + Level 0.4 Shields
 + Level 6.5 Unarmed Combat
 + Level 4.9 Spellcasting
 + Level 0.2 Conjurations
 + Level 0.2 Hexes
 + Level 0.2 Charms
 + Level 0.2 Summonings
 + Level 0.2 Necromancy
 + Level 0.2 Translocations
 + Level 3.7 Transmutations
 + Level 0.2 Fire Magic
 + Level 0.2 Ice Magic
 + Level 0.2 Air Magic
 + Level 0.2 Earth Magic
 + Level 0.2 Poison Magic
 + Level 0.5 Invocations
 + Level 0.4 Evocations


You had 7 spell levels left.
You knew the following spells:

 Your Spells              Type           Power        Failure   Level  Hunger
e - Beastly Appendage     Tmut           ##....       5%          1    None
k - Sticks to Snakes      Tmut           ##......     9%          2    ##.....


Dungeon Overview and Level Annotations

Branches:
Dungeon (2/15)

Altars:


Innate Abilities, Weirdness & Mutations

Your experience applies equally to all skills.
You have very sharp teeth.
Your uncanny sense of smell can sniff out nearby items.
You have claws for feet.


Message History

The adder bites you.
* * * LOW HITPOINT WARNING * * *
You are lethally poisoned!
The adder poisons you!
You miss the adder. Your bite misses the adder.
The adder is heavily wounded.
* * * LOW HITPOINT WARNING * * *
You feel sick. The adder closely misses you.
You hit the adder.
The adder is severely wounded.
The adder barely misses you.
You barely miss the adder.
The adder is severely wounded.
* * * LOW HITPOINT WARNING * * *
You feel sick. The adder barely misses you.
You punch the adder!
You kill the adder!
You have reached level 2!
You aren't carrying any potions.
Wield which item (- for none, * to show all)? (? for menu, Esc to quit)
d - a ration (in hand)
You swing at nothing.
You swing at nothing.
* * * LOW HITPOINT WARNING * * *
You feel sick.
You swing at nothing.
You swing at nothing.
* * * LOW HITPOINT WARNING * * *
You feel sick.
You swing at nothing.
You swing at nothing.
You swing at nothing.
* * * LOW HITPOINT WARNING * * *
You feel sick.
You swing at nothing.
You swing at nothing.
You swing at nothing.
Your transformation is almost over.
You feel sick.
You are no longer poisoned.
a - 21 arrows (gained 9)
Things that are here:
a short sword; 5 stones
g - a short sword;
h - 5 stones You see here a buckler.
i - a buckler Your horns disappear.
Wear which item? (? for menu, Esc to quit)
You start putting on your armour.
You continue putting on your buckler. x4
You finish putting on your +0 buckler.
Adjust (i)tems, (s)pells, or (a)bilities?
Adjust which item? (? for menu, Esc to quit)
i - a +0 buckler (worn)
Adjust to which letter? (? for menu, Esc to quit)
D - a +0 buckler (worn)
Found a sedimented blue potion.
You see here a sedimented blue potion.
i - a sedimented blue potion Memorise Sticks to Snakes, consuming 2 spell levels and leaving 7?
You start memorising the spell.
You continue memorising. x2
You finish memorising.
Spell assigned to 'k'.
Found 16 poisoned needles.
A bat, an adder and a quokka come into view.
The adder hisses angrily.
Really attack while wielding your ration?
Okay, then.
Casting: Beastly Appendage (safe; 6% risk of failure)
Confirm with . or Enter, or press ? or * to list all spells.
You miscast Beastly Appendage.
You are very lightly contaminated with residual magic.
Your skin glows momentarily.
An adder comes into view.
Wield which item (- for none, * to show all)? (? for menu, Esc to quit)
You are now empty-handed.
Casting: Beastly Appendage (safe; 6% risk of failure)
Confirm with . or Enter, or press ? or * to list all spells.
Your feet morph into talons.
You barely miss the quokka. You claw the quokka. Your bite misses the quokka.
The quokka is moderately wounded.
The quokka misses you. The quokka barely misses you.
You hit the quokka.
You kill the quokka!
You closely miss the adder. You claw the adder, but do no damage.
The adder misses you.
You hit the adder.
The adder is moderately wounded.
The adder bites you.
* * * LOW HITPOINT WARNING * * *
The adder closely misses you.
You barely miss the adder. Your kick misses the adder.
The adder is moderately wounded.
You block the adder's attack.
You closely miss the adder. You bite the adder, but do no damage.
The adder is moderately wounded.
The adder bites you.
* * * LOW HITPOINT WARNING * * *
You hit the adder.
The adder is almost dead.
The adder bites you.
You die...

....†.................
######.....#.......#
###.#####.##### #.#
#.###.. #^# #...#.#
#.# ###.#.# .# #.#.# #
#.#.# .### #@#.#r...S
#S#b....#. #....S..(.
######.#.#


You could see an adder.

Vanquished Creatures
  An adder (D:2)
  2 goblins (D:1)
  A quokka (D:2)
  A kobold (D:2)
5 creatures vanquished.

Notes
Turn   | Place    | Note
-------+----------+-------------------------------------------
     0 | D:1      | tidbits the Gnoll Transmuter began the quest for the Orb.
     0 | D:1      | Reached XP level 1. HP: 17/17 MP: 6/6
    95 | D:2      | Reached XP level 2. HP: 5/23 MP: 5/7
   103 | D:2      | HP: 2/23 [poisoned by an adder]
   131 | D:2      | Learned a level 2 spell: Sticks to Snakes
   144 | D:2      | HP: 2/23 [adder (2)]
   147 | D:2      | Slain by an adder

Vault maps used:
D:1:      evilmike_arrival_rings
D:2:      minmay_pentomino_p2

Action                   || total
-------------------------++-------
Melee: Unarmed           ||    21
       Kick              ||     6
       Headbutt          ||     2
       Bite              ||     1
 Cast: Beastly Appendage ||     4
 Stab: Sleeping          ||     1
Dodge: Dodged            ||    12
Block: Buckler           ||     1

Table legend:
 A = Spawn XP
 B = Non-spawn XP
 C = Spawn XP percentage of total XP
 D = Spawn monster count
 E = Non-spawn monster count
 F = Spawn count percentage of total count
 G = Total turns spent on level
                    A         B        C        D         E        F      G
               +---------+---------+-------+---------+---------+-------+---------
         Total |       0 |      20 |   0.0 |       0 |       5 |   0.0 |   147
               +---------+---------+-------+---------+---------+-------+---------
           D:1 |       0 |       4 |   0.0 |       0 |       2 |   0.0 |    78
           D:2 |       0 |      16 |   0.0 |       0 |       3 |   0.0 |    69
               +---------+---------+-------+---------+---------+-------+---------

Table legend:
 A = Turns spent in this place as a percentage of turns spent in the entire game.
 B = Non-inter-level travel turns spent in this place as a percentage of non-inter-level travel turns spent in the entire game.
 C = Inter-level travel turns spent in this place as a percentage of turns spent in this place.
 D = Turns resting spent in this place as a percentage of non-inter-level travel turns spent in this place.
 E = Turns spent auto-exploring this place as a percentage of non-inter-level travel turns spent in this place.
 F = Non-inter-level travel turns spent in this place divided by the number of levels of this place that you've seen.
                   A       B       C       D       E      F
               +-------+-------+-------+-------+-------+----------------------
         Total | 100.0 | 100.0 |   0.0 |   0.0 |   0.0 |  73.5
       Dungeon | 100.0 | 100.0 |   0.0 |   0.0 |   0.0 |  73.5
               +-------+-------+-------+-------+-------+----------------------

Table legend:
 A = Kills in this place as a percentage of kills in entire the game.
 B = Kills by you in this place as a percentage of kills by you in the entire game.
 C = Kills by friends in this place as a percentage of kills by friends in the entire game.
 D = Other kills in this place as a percentage of other kills in the entire game.
 E = Experience gained in this place as a percentage of experience gained in the entire game.
 F = Experience gained in this place divided by the number of levels of this place that you have seen.
                   A       B       C       D       E      F
               +-------+-------+-------+-------+-------+----------------------
         Total | 100.0 | 100.0 |   N/A |   N/A | 100.0 |  10.0
       Dungeon | 100.0 | 100.0 |   N/A |   N/A | 100.0 |  10.0
               +-------+-------+-------+-------+-------+----------------------

Vault maps used:
D:1:      evilmike_arrival_rings
D:2:      minmay_pentomino_p2
